 Dungeon Crawl Stone Soup version 0.25.1-3-ge44b62a0b3 (webtiles) character file.

Game seed: 7278803446486530694

207 CrazyMind the Shooter (level 5, -7/42 HPs)
             Began as a Centaur Hunter on Nov 21, 2020.
             Mangled by an ogre
             ... wielding a +0 giant club
              (21 damage)
             ... on level 4 of the Dungeon.
             The game lasted 00:22:45 (4740 turns).

CrazyMind the Shooter (Centaur Hunter)              Turns: 4740, Time: 00:22:46

Health: -7/42      AC:  7    Str: 14 (15) XL:     5   Next: 54%
Magic:  5/5        EV:  7    Int:  8 (10) God:
Gold:   116        SH:  0    Dex:  7 (10) Spells: 4/4 levels left

rFire    . . .     SeeInvis .     - Unarmed
rCold    . . .     Gourm    .   (no shield)
rNeg     . . .     Faith    .   k - +0 scale mail
rPois    .         Spirit   .   w - +0 helmet
rElec    .         Reflect  .   (no cloak)
rCorr    .         Harm     .   (no gloves)
MR       .....     Rnd*Tele +   (no barding)
Stlth    ..........             (no amulet)
HPRegen  0.14/turn              x - ring of teleportation (curse)
MPRegen  0.09/turn              r - ring of attention (curse)

@: very quick
A: large, hooves 3, deformed body, speed 2, tough skin 3
a: no special abilities


You were on level 4 of the Dungeon.
You were not hungry.

You visited 1 branch of the dungeon, and saw 4 of its levels.

You collected 116 gold pieces.

Inventory:

Hand Weapons
 a - a +1 shortbow
 d - a +0 short sword
Missiles
 g - 114 stones
 m - 59 bolts
 n - 19 poisoned darts (quivered)
 o - 21 sling bullets
 y - 2 boomerangs
Armour
 b - a +0 chain mail
 c - a +0 leather armour
 h - a +0 ring mail
 j - a +0 hat
 k - a +0 scale mail (worn)
 w - a +0 helmet (worn)
 z - a +0 robe of magic resistance
Jewellery
 i - an uncursed ring of ice
 q - an uncursed ring of resist corrosion
 r - a cursed ring of attention (right hand)
 x - a cursed ring of teleportation (left hand)
Scrolls
 l - a scroll of identify
Potions
 e - a potion of degeneration
 p - a potion of cancellation
 s - a potion of might {unknown}
 t - a potion of heal wounds
 v - a potion of curing {unknown}
 A - a potion of brilliance {unknown}
Comestibles
 f - 4 rations


   Skills:
 + Level 2.5 Fighting
 * Level 7.7 Bows
 + Level 1.4 Armour
 - Level 1.3 Dodging
 - Level 0.4 Stealth
 + Level 1.7 Unarmed Combat


You had 4 spell levels left.
You didn't know any spells.
Your spell library was empty.

Dungeon Overview and Level Annotations

Branches:
Dungeon (4/15)
 Temple: D:4-7

Altars:
Elyvilon
Yredelemnul

Annotations:
D:4 Blork the orc


Innate Abilities, Weirdness & Mutations

You have hooves in place of feet.
Armour fits poorly on your strangely shaped body.
You cover ground very quickly.
You have extremely tough skin. (AC +3)


Message History

You throw a poisoned dart.
The poisoned dart barely misses Blork the orc.
Blork the orc gestures at you while chanting.
The magic dart hits you. The ogre barely misses you.
Blork the orc hits you with a +0 scimitar.
Press: ? - help, v - describe, . - travel, g - get item
Here: Blork the orc, wielding a +0 scimitar and wearing a +0 robe (lightly wounded, fast, very poisoned) 5 poisoned darts.
There is something else lying underneath.
The floor.
Unknown command.
Throwing (i - inventory. (/) - cycle)
n - 20 poisoned darts (quivered)
Press: ? - help, Shift-Dir - straight line, f/p - Blork the orc
Aim: Blork the orc, wielding a +0 scimitar and wearing a +0 robe (lightly wounded, fast, very poisoned)
You throw a poisoned dart. The poisoned dart hits Blork the orc.
Blork the orc is lightly wounded.
Blork the orc barely misses you.
The ogre hits you with a +0 giant club!!
Ouch! That really hurt!
You die...

##'##### #.#
#O# #.# #.#
#.############
#.......O...Z#
############O#
#@# #o# #.#
#.# #.# #.#
#.# #.#


You could see Blork the orc (fast, very poisoned), an ogre and a bullfrog
skeleton.

Vanquished Creatures
  2 orc wizards (D:3)
  4 gnolls (D:2)
  2 adders
  2 worms
  3 dart slugs (D:1)
  4 leopard geckos
  8 orcs
  10 bats
  3 giant cockroaches
  5 goblins
  7 hobgoblins
  7 jackals
  4 kobolds
  2 quokkas
  2 ball pythons
  4 frilled lizards
  5 rats
74 creatures vanquished.

Notes
Turn   | Place    | Note
-------+----------+-------------------------------------------
     0 | D:1      | CrazyMind the Centaur Hunter began the quest for the Orb.
     0 | D:1      | Reached XP level 1. HP: 17/17 MP: 1/1
   572 | D:1      | Reached XP level 2. HP: 24/24 MP: 2/2
   600 | D:1      | Reached skill level 6 in Bows
  1448 | D:2      | Reached XP level 3. HP: 27/29 MP: 3/3
  2457 | D:2      | Reached skill level 1 in Unarmed Combat
  2480 | D:2      | Reached XP level 4. HP: 33/36 MP: 4/4
  2517 | D:2      | Reached skill level 7 in Bows
  2517 | D:2      | Reached skill level 1 in Armour
  3328 | D:3      | Reached XP level 5. HP: 32/42 MP: 5/5
  3855 | D:3      | Found a basalt altar of Yredelemnul.
  3947 | D:2      | Found a white marble altar of Elyvilon.
  4344 | D:4      | HP: 2/42 [orc wizard/puff of flame (10)]
  4709 | D:4      | Noticed an ogre
  4729 | D:4      | Noticed Blork the orc
  4740 | D:4      | Mangled by an ogre

Illustrated notes

Levels and vault maps discovered:
D:1:      dpeg_arrival_signposts, layout_basic
D:2:      layout_loops_cross, nicolae_overflow_hidden_temple,
          small_statue_intersection
D:3:      layout_loops_ring, lemuel_round_altar
D:4:      layout_basic, nicolae_ru_awakened_eye, first_ration,
          uniq_blork_the_orc

Skill      XL: |  1  2  3  4 |
---------------+-------------+-----
Bows           | 6 7 |  7.7
Unarmed Combat | 1 |  1.7
Armour         | 1 |  1.4
Fighting       | |  2.5
Dodging        | |  1.3
Stealth        | |  0.4

Action                   |  1- 3 |  4- 6 || total
-------------------------+-------+-------++-------
Melee: Unarmed           |   196 |   138 ||   334
       Kick              |    35 |    24 ||    59
       Short sword       |     3 |       ||     3
 Fire: Shortbow          |    34 |    30 ||    64
Throw: Dart              |       |    30 ||    30
       Stone             |       |     1 ||     1
  Use: Scroll            |     2 |     2 ||     4
       Potion            |       |     2 ||     2
  Eat: Chunk             |     3 |     7 ||    10
Armor: Ring mail         |    47 |       ||    47
       Scale mail        |    87 |   112 ||   199
Dodge: Dodged            |    95 |    40 ||   135
